Map: Dusk Towers

Players

Blackfire

  • Race: Zerg Zerg
  • League: Silver

Manta - Winner!

  • Race: Zerg Zerg
  • League: Silver

VOD

Have the link to the VOD?

Description

Time

  • Played on: Feb. 15, 2016, 6:17 p.m.
  • Length: 15:06
Show
View Real Time Build Order
Export as new Build Order

Blackfire Zerg 

Build Orders: Pool First 

Get SALT Encoding   

  12  0:01  Drone  
  13  0:09  Drone  
  14  0:17  Overlord  
  14  0:33  Extractor  
  14  0:34  Drone  
  15  0:39  Spawning Pool  
  15  0:42  Drone  
  15  0:46  Drone  
  17  0:50  Drone  
  17  0:57  Drone  
  17  0:59  Extractor  
  17  1:08  Drone  
  18  1:15  Extractor  
  17  1:28  Zergling x4  
  19  1:35  Hatchery  
  18  1:40  Queen  
  20  1:50  Zergling x4  
  22  2:00  Overlord  
  22  2:06  Spore Crawler  
  21  2:10  Metabolic Boost  
  21  2:17  Drone  
  22  2:24  Drone  
  23  2:32  Spore Crawler  
  23  2:33  Drone  
  23  2:51  Drone x2  
  23  2:52  Drone x3  
  28  3:05  Drone x2  
  30  3:12  Lair  
  30  3:23  Spore Crawler  
  29  3:29  Queen  
  29  3:33  Drone x2  
  29  3:34  Drone  
  34  3:43  Roach Warren  
  33  3:53  Spore Crawler  
  32  3:57  Spore Crawler  
  27  4:23  Drone x2  
  27  4:24  Drone  
  30  4:35  Hydralisk Den  
  29  4:40  Drone  
  29  4:41  Drone x2  
  29  4:45  Spore Crawler x3  
  31  4:46  Spore Crawler  
  31  4:47  Drone x2  
  31  4:48  Drone x3  
  33  5:02  Roach  
  33  5:03  Overlord  
  35  5:21  Hydralisk x2  
  35  5:22  Hydralisk x2  
  35  5:25  Ravager  
  44  5:31  Evolution Chamber  
  44  5:34  Drone  
  44  5:38  Overlord  
  44  5:50  Overlord  
  44  5:58  Spore Crawler x2  
  44  6:01  Hydralisk x3  
  44  6:02  Extractor  
  47  6:09  Zerg Missile Weapons Level 1  
  47  6:16  Hydralisk x2  
  51  6:21  Hydralisk  
  51  6:24  Drone  
  54  6:26  Drone  
  54  6:30  Drone  
  56  6:37  Queen  
  58  6:48  Hydralisk  
  58  6:53  Overlord x2  
  60  7:14  Hydralisk x4  
  68  7:23  Drone  
  68  7:24  Drone x3  
  68  7:27  Drone  
  68  7:28  Drone  
  74  7:31  Extractor  
  73  8:04  Hatchery, Spire  
  71  8:09  Spore Crawler  
  71  8:10  Spore Crawler  
  69  8:13  Drone x5  
  69  8:14  Drone  
  75  8:22  Overseer  
  75  8:23  Overlord  
  75  8:57  Overlord x2  
  75  8:58  Hydralisk x4  
  83  9:21  Corruptor x4  
  83  9:22  Corruptor  
  93  9:46  Hydralisk  
  93  9:47  Hydralisk x5  
  93  9:49  Drone  
  106  9:56  Zerg Flyer Weapons Level 1  
  106  9:59  Overlord  
  106  10:00  Overlord  
  106  10:18  Drone x2  
  106  10:19  Drone x5  
  106  10:20  Drone  
  114  10:41  Evolution Chamber  
  113  11:13  Queen, Extractor  
  114  11:19  Spore Crawler  
  114  11:21  Spore Crawler  
  114  11:24  Spore Crawler  
  111  11:26  Drone x4, Spore Crawler  
  111  11:29  Overlord  
  111  11:30  Overlord  
  114  11:52  Hydralisk x3  
  114  11:53  Hydralisk x5  
  126  11:59  Muscular Augments  
  126  12:01  Zerg Ground Armor Level 1, Zerg Missile Weapons Level 2  
  130  12:20  Hatchery  
  129  12:41  Zerg Flyer Armor Level 1  
  129  12:47  Overlord x5  
  129  12:48  Overlord x2  
  129  12:55  Drone  
  130  13:09  Corruptor  
  130  13:10  Corruptor x6  
  130  13:11  Corruptor x2  
  148  13:22  Hydralisk x4  
  156  13:27  Extractor  
  155  13:46  Hydralisk x5  
  112  14:04  Zergling x4  
  112  14:06  Zergling x6  
  112  14:07  Zergling x6  
  92  14:15  Zergling x6  
  91  14:25  Zergling x2  
  91  14:26  Zergling x2  
Show
View Real Time Build Order
Export as new Build Order

Manta Zerg - Winner!

Build Orders: Pool First 

Get SALT Encoding   

  12  0:02  Drone  
  13  0:10  Drone  
  14  0:18  Overlord  
  14  0:38  Drone x2  
  14  0:39  Drone  
  17  0:57  Spawning Pool, Extractor  
  17  1:02  Drone x2  
  17  1:19  Overlord  
  17  1:37  Hatchery  
  16  1:44  Zergling x2  
  16  1:45  Zergling x4  
  19  1:54  Queen  
  21  2:07  Drone  
  21  2:08  Drone  
  23  2:21  Spine Crawler  
  22  2:31  Metabolic Boost  
  21  2:48  Spine Crawler  
  20  2:55  Drone  
  20  2:56  Drone  
  20  2:57  Drone x2  
  24  3:02  Lair  
  24  3:11  Drone, Spine Crawler  
  24  3:33  Queen  
  26  3:48  Spine Crawler  
  26  3:52  Drone x3  
  26  3:53  Drone x5  
  26  3:55  Zergling x2  
  34  4:26  Extractor  
  33  4:31  Spire  
  33  4:35  Hatchery  
  33  4:36  Queen  
  33  4:53  Drone x2  
  33  4:57  Overlord x2  
  35  5:28  Spore Crawler  
  35  5:29  Drone  
  35  5:30  Drone x3  
  35  5:33  Spore Crawler  
  37  5:36  Spore Crawler  
  36  5:52  Overlord x2  
  36  5:54  Drone  
  36  5:55  Drone x5  
  36  5:56  Drone x3  
  45  5:59  Drone x2  
  47  6:04  Extractor  
  47  6:07  Mutalisk x2, Extractor  
  47  6:11  Zerg Flyer Armor Level 1  
  49  6:24  Drone x3  
  49  6:25  Drone x5  
  57  6:26  Drone  
  58  6:33  Drone x3  
  58  6:34  Drone  
  58  6:36  Drone  
  63  6:50  Infestation Pit  
  63  6:51  Spire  
  63  6:52  Drone x2  
  63  7:01  Drone x2  
  65  7:08  Extractor  
  65  7:11  Extractor  
  63  7:17  Pneumatized Carapace  
  63  7:22  Drone x2  
  65  7:24  Overlord x3  
  65  7:39  Overlord x2  
  65  7:41  Hatchery  
  64  7:53  Overseer  
  64  8:04  Zerg Flyer Weapons Level 1  
  64  8:10  Drone x4  
  64  8:11  Drone  
  64  8:12  Drone x2  
  71  8:16  Drone  
  71  8:18  Drone x3  
  75  8:20  Mutalisk x5  
  75  8:21  Mutalisk x2  
  75  8:25  Queen  
  91  8:53  Hive  
  91  8:59  Zerg Flyer Armor Level 2  
  91  9:10  Drone x4  
  91  9:11  Drone x5  
  91  9:12  Drone  
  91  9:13  Drone x3  
  104  9:30  Hatchery  
  103  9:33  Hatchery  
  103  9:35  Evolution Chamber  
  101  9:54  Extractor  
  101  9:56  Drone x3  
  101  9:57  Extractor  
  101  9:58  Overlord x6  
  102  10:05  Greater Spire  
  102  10:12  Ultralisk Cavern  
  101  10:17  Corruptor x4  
  101  10:20  Mutalisk  
  111  10:21  Corruptor  
  111  10:22  Corruptor x3  
  119  10:44  Queen  
  119  10:45  Queen  
  123  10:51  Drone x2  
  123  10:52  Drone x2  
  123  10:53  Drone x2  
  123  10:54  Overlord x6  
  129  11:15  Drone x3, Zerg Flyer Weapons Level 2  
  129  11:18  Brood Lord x8  
  148  11:23  Hatchery  
  147  11:29  Zerg Ground Armor Level 1  
  147  11:36  Evolution Chamber  
  147  11:37  Zerg Flyer Armor Level 3  
  147  11:39  Overseer  
  146  11:40  Overseer  
  146  12:02  Ultralisk  
  146  12:03  Ultralisk  
  146  12:04  Ultralisk  
  146  12:05  Zergling x4  
  146  12:06  Zergling x14  
  146  12:07  Zergling x12  
  146  12:08  Zergling x14  
  184  12:09  Zergling x12  
  184  12:10  Zergling x2  
  184  12:13  Chitinous Plating  
  193  12:16  Hatchery  
  193  12:17  Zerg Melee Weapons Level 1  
  192  12:43  Queen  
  194  12:46  Drone x3  
  194  12:47  Drone x2  
  199  13:01  Extractor  
  198  13:06  Extractor  
  153  14:04  Mutalisk x5  
  153  14:05  Mutalisk x7  
  153  14:06  Mutalisk x7  
  153  14:07  Mutalisk x4  
  159  14:25  Mutalisk x4  
  159  14:27  Zergling x4  
  159  14:28  Zergling x14  
  159  14:29  Zergling x8  
  174  14:41  Zergling x6  
  174  14:42  Zergling x12  
  174  14:43  Zergling x2  
Tags
 
Add a new tag
Caveats
  • Supply blocks, unpowered buildings, or Contaminate may cause inaccurate times.
  • Supply counts are checked every 10 seconds.